 Dungeon Crawl Stone Soup version 0.28-a0-819-g6ef7baa362 (console) character file.

Game seed: 11308304495045088095

1808 petzl the Conjurer (level 9, -13/51 (54) HPs)
             Began as an Octopode Arcane Marksman on Nov 9, 2021.
             Was a Follower of Vehumet.
             Mangled by a wight (20 damage)
             ... on level 7 of the Dungeon.
             The game lasted 00:28:21 (7897 turns).

petzl the Conjurer (Octopode Arcane Marksman)       Turns: 7897, Time: 00:28:30

HP:   -13/51 (54)   AC:  8    Str:  9    XL:     9   Next: 10%
MP:   17/17         EV: 13    Int: 19    God:    Vehumet [*.....]
Gold: 106           SH:  0    Dex: 12    Spells: 14/19 levels left

rFire   . . .      SeeInvis .   b - +2 flail (protect)
rCold   . . .      Faith    .   (no shield)
rNeg    . . .      Spirit   .   (helmet restricted)
rPois   .          Reflect  .   (no amulet)
rElec   .          Harm     .   (no ring)
rCorr   .          Rampage  .   (no ring)
Will    .....                   (no ring)
Stlth   +++.......              (no ring)
HPRegen 0.17/turn               (no ring)
MPRegen 0.15/turn               (no ring)
                                (no ring)
                                (no ring)

@: under a protective aura, drained
A: almost no armour, amphibious, 8 rings, camouflage 1, gelatinous body 1,
(nimble swimmer 1), tentacles
a: Renounce Religion


You were on level 7 of the Dungeon.
You worshipped Vehumet.
Vehumet was aware of your devotion.
You visited 2 branches of the dungeon, and saw 9 of its levels.

You collected 304 gold pieces.
You spent 198 gold pieces at shops.

Inventory:

Hand Weapons
 a - a +0 hand crossbow
 b - a +2 flail of protection (weapon)
 p - a +0 quarterstaff
 v - a +1 dagger of electrocution {!f =f}
Missiles
 c - 39 bolts
 i - 10 poisoned darts (quivered)
 k - a throwing net
 x - 6 javelins
Jewellery
 n - an amulet of guardian spirit
 o - a ring of protection from cold
 t - a ring of fire
Wands
 q - a wand of iceblast (7)
Scrolls
 d - a scroll of fog
 f - 3 scrolls of teleportation
 g - 3 scrolls of immolation
 j - a scroll of enchant weapon
 r - a scroll of amnesia
 u - a scroll of magic mapping
 w - a scroll of silence
Potions
 e - a potion of magic {unknown}
 h - a potion of attraction {unknown}
 l - a potion of brilliance {unknown}
 m - a potion of ambrosia {unknown}
 s - a potion of haste


   Skills:
 - Level 2.0 Fighting
 - Level 2.6 Crossbows
 - Level 2.6 Dodging
 - Level 2.3 Stealth
 + Level 5.6 Spellcasting
 * Level 7.7 Conjurations
 - Level 3.0 Hexes
 - Level 3.0 Air Magic
 - Level 3.0 Poison Magic


You had 14 spell levels left.
You knew the following spells:

 Your Spells              Type           Power      Damage    Failure   Level
a - Slow                  Hex            64%        N/A       3%          1
b - Magic Dart            Conj           100%       1d8       1%          1
m - Mephitic Cloud        Conj/Pois/Air  22%        N/A       5%          3

Your spell library contained the following spells:

 Spells                   Type           Power      Damage    Failure   Level
 Shock                    Conj/Air       100%       1d9       1%          1
 Call Imp                 Summ           5%         N/A       19%         2
 Inner Flame              Hex/Fire       11%        N/A       19%         3
 Portal Projectile        Hex/Tloc       22%        N/A       19%         3
 Hailstorm                Conj/Ice       20%        3d6       24%         4
 Cause Fear               Hex            8%         N/A       34%         4
 Ice Form                 Ice/Tmut       5%         N/A       75%         4
 Simulacrum               Ice/Necr       2%         N/A       100%        6


Dungeon Overview and Level Annotations

Branches:
Dungeon (8/15)             Temple (1/1) D:4
   Lair: D:8-11

Altars:
Ashenzari
Elyvilon
Fedhas
Gozag
Hepliaklqana
Makhleb
Nemelex Xobeh
Qazlal
Ru
Sif Muna
Trog
Uskayaw
Vehumet
Yredelemnul
The Shining One

Shops:
D:4 ([(*

Annotations:
D:3 1 runed translucent door, Crazy Yiuf
D:4 exclusion: downstairs
D:5 exclusion: downstairs
D:7 exclusion: 2 downstairs


Innate Abilities, Weirdness & Mutations

You cannot wear most types of armour.
You are amphibious.
You can wear up to eight rings at the same time.
Your skin changes colour to match your surroundings (Stealth+).
Your rubbery body absorbs attacks. (AC +1, EV +1)
((You are camouflaged near water. (Stealth+)))
You have tentacles for arms and can constrict up to eight enemies at once.


Message History

Unknown command.
Casting: Slow (safe; 3% risk of failure)
Confirm with . or Enter, or press ? or * to list all spells.
Aiming: Slow (safe; 3% risk of failure)
Press: ? - help, Shift-Dir - straight line, f - wight
Aim: a wight, wielding a +1 falchion of electrocution and wearing a +0 robe (chance to affect: 53%)
The wight seems to slow down.
Your +2 flail of protection goes still.
a - a +0 hand crossbow (weapon)
You shoot a bolt. The bolt hits the wight.
The wight is lightly damaged.
You shoot a bolt. The bolt barely misses the wight.
Your +2 flail of protection hums with potential!
b - a +2 flail of protection (weapon)
You closely miss the wight. You grab the wight.
The wight is lightly damaged.
You constrict the wight.
The wight hits you with a +1 falchion of electrocution.
You feel drained.
You hit the wight.
Your weapon exudes an aura of protection.
You squeeze the wight, but do no damage.
The wight is heavily damaged.
You constrict the wight.
The wight hits you with a +1 falchion of electrocution.
You hit the wight.
The wight is severely damaged.
You constrict the wight.
The wight hits you with a +1 falchion of electrocution.
You are electrocuted!
* * * LOW HITPOINT WARNING * * *
You hit the wight but do no damage.
The wight is almost destroyed.
You constrict the wight, but do no damage.
The wight hits you with a +1 falchion of electrocution.
* * * LOW HITPOINT WARNING * * *
You feel drained.
* * * LOW HITPOINT WARNING * * *
You are electrocuted!!
You die...

..# ####... .... ## #.. .. # .
...z# +. #.# .# #.###.##...# #
+.###.##.# #.#....#...#..
#........###....#......
#.....................
#.......##### #...#.###### ###
##.###.## #.......... #.#
##..###.##########......... #.#
#..###..#.....#....<...###
##.#######.####.##.@z.(.(#.....###
..................)............>.#
>........#.........>.............#
.......................##........#
..................#######........#
..................# #........#
..................# #........#
..................# #........#
.........########## #<.......#
........## #........ #########


You could see a wight (slow).

Vanquished Creatures
  Sigmund (D:3)
  A wyvern (D:5)
  A water moccasin (D:5)
  A sky beast (D:6)
  A necrophage (D:5)
  An ogre (D:5)
  2 scorpions (D:4)
  A water moccasin zombie (D:5)
  3 killer bees (D:5)
  A water moccasin skeleton (D:6)
  5 wights
  A centaur zombie (D:7)
  2 jellies
  2 orc priests
  3 hounds
  A bullfrog skeleton (D:5)
  A centaur skeleton (D:6)
  5 orc wizards
  5 adders
  4 gnolls (D:5)
  An ufetubus (D:5)
  A worm (D:5)
  3 dart slugs (D:1)
  14 orcs
  4 ball pythons
  5 bats
  4 endoplasms
  A giant cockroach (D:4)
  10 goblins
  9 hobgoblins
  3 quokkas
  3 frilled lizards
  3 kobolds
  2 rats
105 creatures vanquished.

Vanquished Creatures (others)
  A fungus (D:3)
1 creature vanquished.

Grand Total: 106 creatures vanquished

Notes
Turn   | Place    | Note
-------+----------+-------------------------------------------
     0 | D:1      | petzl the Octopode Arcane Marksman began the quest for the
                  | Orb.
     0 | D:1      | Reached XP level 1. HP: 13/13 MP: 2/2
   137 | D:1      | Reached XP level 2. HP: 18/18 MP: 3/3
   452 | D:1      | Reached skill level 1 in Stealth
   571 | D:1      | Reached XP level 3. HP: 23/23 MP: 5/5
  1757 | D:2      | Reached XP level 4. HP: 29/29 MP: 7/7
  2134 | D:3      | Learned a level 1 spell: Magic Dart
  2138 | D:3      | Learned a level 3 spell: Mephitic Cloud
  2269 | D:3      | Reached XP level 5. HP: 34/34 MP: 8/8
  2272 | D:3      | Noticed Sigmund
  2364 | D:3      | Found a burning altar of Makhleb.
  2395 | D:4      | Found Hurit's Antique Armour Shoppe.
  2414 | D:4      | Found Ibey's Antique Weapon Emporium.
  2453 | D:5      | Entered Level 5 of the Dungeon
  2580 | D:4      | Reached skill level 1 in Conjurations
  2745 | D:4      | Reached skill level 1 in Poison Magic
  2854 | D:4      | Reached skill level 2 in Conjurations
  2854 | D:4      | Reached skill level 1 in Air Magic
  2854 | D:4      | Reached XP level 6. HP: 21/39 MP: 10/10
  3071 | D:4      | Found Useycli's Weapon Boutique.
  3101 | D:4      | Found a sacrificial altar of Ru.
  3237 | D:4      | Found Moeqyf's Assorted Antiques.
  3244 | D:4      | Bought a scroll labelled QUPLOR ZODU for 20 gold pieces
  3244 | D:4      | Bought a scroll labelled XEJUNONTEOTU for 20 gold pieces
  3244 | D:4      | Bought a scroll labelled QEDULO RA JIUT for 20 gold pieces
  3244 | D:4      | Bought a scroll labelled OGUIHE GUREOTZ for 20 gold pieces
  3244 | D:4      | Bought a brown potion for 18 gold pieces
  3352 | D:4      | Found a staircase to the Ecumenical Temple.
  3359 | Temple   | Entered the Ecumenical Temple
  3400 | Temple   | Became a worshipper of Vehumet
  3520 | D:5      | Noticed a necrophage
  3913 | D:3      | Reached skill level 3 in Conjurations
  4248 | D:3      | Found a runed translucent door.
  4249 | D:3      | Noticed Crazy Yiuf
  4281 | D:3      | Killed Sigmund
  4282 | D:3      | Reached XP level 7. HP: 45/45 MP: 4/12
  4425 | D:4      | Bought a copper ring for 100 gold pieces
  4583 | D:5      | Reached skill level 4 in Conjurations
  5365 | D:5      | Reached XP level 8. HP: 50/50 MP: 7/14
  5368 | D:5      | Reached skill level 5 in Conjurations
  5701 | D:5      | Noticed a wyvern
  5716 | D:5      | Killed a wyvern
  5717 | D:5      | Reached skill level 6 in Conjurations
  5717 | D:5      | Reached * piety under Vehumet
  5717 | D:5      | Offered knowledge of Shock by Vehumet.
  6470 | D:5      | Reached skill level 5 in Spellcasting
  7237 | D:6      | Reached skill level 7 in Conjurations
  7397 | D:6      | Reached XP level 9. HP: 41/54 MP: 8/17
  7814 | D:8      | Noticed a death knight
  7897 | D:7      | Mangled by a wight

Illustrated notes

Levels and vault maps discovered:
D:1:      lightli_iron_boxes, layout_basic, minmay_tromino_i4
D:2:      layout_basic
D:3:      layout_loops_cross, mainiacjoe_overflow_concentric_impassable,
          minivault_4, minmay_goblin_kobold_house, uniq_sigmund,
          uniq_crazy_yiuf_cottage
D:4:      layout_basic, nicolae_ru_path_of_blood, temple_statues, serial_shops,
          nicolae_shop_crystal, shop, shop_statue, shop
D:5:      layout_gridville, st_stairs_10, chequers_serial_rivers_micro_d,
          hangedman_minor_gate_pass
D:6:      layout_loops_ring, kennysheep_small_circle
D:7:      layout_rooms, kennysheep_slug_shrine, grunt_temple_overflow_open,
          kennysheep_generic_room_5
D:8:      kennysheep_blocky_hall, layout_loops_ring, erik_lair_orcish_takeover,
          serial_rivers, chequers_serial_rivers_micro_c,
          chequers_serial_rivers_marsh, chequers_serial_rivers_micro_d,
          chequers_serial_rivers_room_b
Temple:   nicolae_temple_god_jail

Skill      XL: |  1  2  3  4  5  6  7  8 |
---------------+-------------------------+-----
Stealth        | 1 2 |  2.3
Spellcasting   | 2 3 4 5 |  5.6
Fighting       | 2 |  2.0
Conjurations   | 2 3 4 7 |  7.7
Poison Magic   | 1 2 3 |  3.0
Air Magic      | 1 2 3 |  3.0
Crossbows      | |  2.6
Dodging        | |  2.6
Hexes          | |  3.0

Action                   |  1- 3 |  4- 6 |  7- 9 || total
-------------------------+-------+-------+-------++-------
Melee: Quarterstaff      |    12 |       |       ||    12
       Constrict         |     3 |    15 |    15 ||    33
       Tentacles         |     2 |     6 |    11 ||    19
       Flail             |       |    58 |    76 ||   134
 Fire: Hand crossbow     |    53 |    47 |   122 ||   222
Throw: Dart              |       |    10 |     7 ||    17
 Cast: Slow              |       |     4 |    29 ||    33
       Magic Dart        |       |     1 |       ||     1
       Mephitic Cloud    |       |     2 |    19 ||    21
Evoke: Wand              |       |     1 |     1 ||     2
  Use: Scroll            |       |     6 |     3 ||     9
       Potion            |       |       |     4 ||     4
 Stab: Sleeping          |       |     1 |       ||     1
Armor: Skin              |     2 |    13 |    20 ||    35
Dodge: Dodged            |    16 |    43 |    81 ||   140

Table legend: (Time is in decaauts)
 A = Elapsed time spent in this place.
 B = Non-inter-level travel time spent in this place.
 C = Inter-level travel time spent in this place.
 D = Time resting spent in this place.
 E = Time spent auto-exploring this place.
 F = Levels seen in this place.
 G = Mean time per level.
                   A        B        C        D        E       F      G
               +--------+--------+--------+--------+--------+-----+--------+
         Total |   8003 |   7543 |    460 |   2460 |   2995 |   9 |  889.2 |
       Dungeon |   7943 |   7497 |    446 |   2460 |   2971 |   8 |  992.9 |
        Temple |     59 |     45 |     14 |      0 |     24 |   1 |   59.0 |
               +--------+--------+--------+--------+--------+-----+--------+

Top non-repeatable levels by time:
     D:5: 2678 daAuts
     D:4: 1605 daAuts
     D:1: 1020 daAuts
     D:3: 978 daAuts
     D:2: 934 daAuts
     D:6: 569 daAuts
     D:7: 139 daAuts
  Temple: 59 daAuts
     D:8: 17 daAuts
